 Dungeon Crawl Stone Soup version 0.30.1-11-g7821555f0a (webtiles) character file.

Game seed: 3026136353222539837

695 Glitchless the Cudgeller (level 7, -8/44 HPs)
             Began as a Gargoyle Fighter on Dec 8, 2023.
             Splashed by a jelly's acid (10 damage)
             ... on level 6 of the Dungeon.
             The game lasted 00:12:09 (5188 turns).

Glitchless the Cudgeller (Gargoyle Fighter)         Turns: 5188, Time: 00:12:10

Health: -8/44      AC:  5    Str: 21    XL:     7   Next: 64%
Magic:  10/10      EV: 11    Int:  9    God:
Gold:   249        SH:  4    Dex:  9    Spells: 10/10 levels left

rFire   . . .        a - +0 flail
rCold   . . .        c - +0 buckler
rNeg    + . .        h - +0 leather armour
rPois   ∞            i - +0 hat
rElec   +            g - scarf {repulsion}
rCorr   .            f - +0 pair of gloves
SInv    .            (no boots)
Will    .....        (no amulet)
Stlth   +            (no ring)
HPRegen 0.27/turn    (no ring)
MPRegen 0.12/turn

%: repel missiles
@: corroded
A: sickness immunity, AC +4, negative energy resistance 1, electricity
resistance, torment resistance 1, petrification resistance
a: no special abilities


You were on level 6 of the Dungeon.
You visited 1 branch of the dungeon, and saw 6 of its levels.

You collected 249 gold pieces.

Inventory:

Hand Weapons
 a - a +0 flail (weapon)
Missiles
 b - 11 poisoned darts (quivered)
 r - 3 boomerangs
Armour
 c - a +0 buckler (worn)
 e - a +0 cloak
 f - a +0 pair of gloves (worn)
 g - a scarf of repulsion (worn)
 h - a +0 leather armour (worn)
 i - a +0 hat (worn)
Jewellery
 m - an amulet of guardian spirit
 n - a ring of see invisible
Wands
 x - a wand of digging (3)
 A - a wand of flame (5)
Scrolls
 k - a scroll of silence {unknown}
 o - 2 scrolls of enchant weapon {unknown}
 s - a scroll of identify {unknown}
 t - 3 scrolls of teleportation {unknown}
 v - a scroll of amnesia {unknown}
 y - a scroll of noise {unknown}
Potions
 d - 3 potions of might
 j - 2 potions of degeneration {unknown}
 l - 2 potions of lignification {unknown}
 p - 2 potions of heal wounds {unknown}
 q - 2 potions of curing {unknown}
 u - a potion of magic {unknown}
 w - a potion of experience {unknown}
Miscellaneous
 z - a piece from Xom's chessboard (15/15)


   Skills:
 * Level 4.9 Fighting
 * Level 5.4 Maces & Flails
 * Level 4.2 Armour
 * Level 2.0 Dodging
 * Level 4.3 Shields
 * Level 2.1 Spellcasting


You had 10 spell levels left.
You didn't know any spells.
Your spell library contained the following spells:

 Spells                   Type           Power      Damage    Failure   Level
 Beastly Appendage        Tmut           0%         N/A       43%         1
 Kiss of Death            Conj/Necr      0%         2d5       43%         1
 Wereblood                Tmut           0%         N/A       56%         2
 Confusing Touch          Hex            0%         N/A       80%         3
 Spider Form              Tmut/Pois      0%         N/A       80%         3
 Vhi's Electric Charge    Tloc/Air       0%         N/A       80%         3
 Dispel Undead            Necr           0%         3d6       99%         4
 Arcjolt                  Conj/Air       0%         1d10      100%        5
 Maxwell's Capacitive Co  Air            0%         ∞         100%        8


Dungeon Overview and Level Annotations

Branches:
Dungeon (6/15)
 Temple: D:4-7

Altars:
Fedhas
Wu Jian

Annotations:
D:6 Prince Ribbit


Innate Abilities, Weirdness & Mutations

You are immune to sickness and miasma.
Your stone body is resilient. (AC +4)
You are immune to poison.
You resist negative energy. (rN+)
You are resistant to electric shocks. (rElec)
You are resistant to unholy torment.
You are immune to petrification.


Message History

You block the water moccasin's attack.
The water moccasin bites you but does no damage.
The jelly attacks as you move away! The jelly hits you but does no damage.
The water moccasin attacks as you move away!
The water moccasin bites you but does no damage.
The water moccasin attacks as you move away!
The water moccasin barely misses you.
Found a quarterstaff.
You block the water moccasin's attack. The jelly attacks as you move away!
The jelly hits you but does no damage. The water moccasin bites you.
* * * LOW HITPOINT WARNING * * *
The jelly attacks as you move away! The jelly closely misses you.
The jelly jiggles.
The water moccasin bites you but does no damage.
The jelly attacks as you move away! You block the jelly's attack.
The water moccasin barely misses you. The jelly attacks as you move away!
The jelly misses you. The jelly attacks as you move away!
The jelly barely misses you.
The water moccasin attacks as you move away!
The water moccasin barely misses you.
The water moccasin bites you but does no damage.
You block the jelly's attack. The water moccasin bites you.
* * * LOW HITPOINT WARNING * * *
The water moccasin attacks as you move away!
You block the water moccasin's attack.
The water moccasin attacks as you move away!
You block the water moccasin's attack. The jelly attacks as you move away!
The jelly hits you but does no damage. x2
You thump the water moccasin!
The water moccasin is almost dead.
The water moccasin barely misses you. The jelly hits you.
* * * LOW HITPOINT WARNING * * *
The acid corrodes you!
You are splashed with acid!
* * * LOW HITPOINT WARNING * * *
You block the jelly's attack.
The water moccasin bites you but does no damage.
The jelly hits you.
* * * LOW HITPOINT WARNING * * *
You are splashed with acid!
You die...

#...#......#
##........#
##.......#
#.......#
##.)....#
#......#
####......#
#...J....##
#..@J....#
#...S....#
#........#
##########


You could see a water moccasin and 2 jellies.

Vanquished Creatures
  Eustachio (D:5)
  2 black bears
  An ogre (D:4)
  An orc priest (D:4)
  An iguana (D:4)
  A sleepcap (D:4)
  2 orc wizards (D:4)
  4 gnolls (D:2)
  2 adders (D:3)
  A white imp (D:4)
  An ufetubus (D:4)
  2 worms
  6 orcs
  11 ball pythons
  9 endoplasms
  3 giant cockroaches
  5 hobgoblins
  3 quokkas
  4 bats
  3 frilled lizards
  9 goblins
  6 kobolds
  7 rats
85 creatures vanquished.

Notes
Turn   | Place    | Note
-------+----------+-------------------------------------------
     0 | D:1      | Glitchless the Gargoyle Fighter began the quest for the
                  | Orb.
     0 | D:1      | Reached XP level 1. HP: 14/14 MP: 1/1
   120 | D:1      | Reached XP level 2. HP: 19/19 MP: 2/2
   554 | D:1      | Reached XP level 3. HP: 24/24 MP: 3/3
   946 | D:2      | Reached XP level 4. HP: 22/29 MP: 5/5
  1256 | D:2      | Reached skill level 3 in Maces & Flails
  1262 | D:2      | Identified the +7 ring mail "Qusoam" {Rampage Drain rPois
                  | rC- Will++ Int+3}
  1336 | D:2      | Reached skill level 1 in Spellcasting
  1627 | D:2      | Found the +7 Throatcutter {drain, coup de grace}
  1974 | D:3      | Found a blossoming altar of Fedhas.
  2578 | D:4      | Reached XP level 5. HP: 30/33 MP: 6/6
  3060 | D:4      | Reached skill level 1 in Dodging
  3076 | D:4      | Noticed an ogre
  3083 | D:4      | Killed an ogre
  3084 | D:4      | Reached skill level 4 in Maces & Flails
  3084 | D:4      | Reached XP level 6. HP: 24/39 MP: 6/8
  3647 | D:4      | Found an ornate altar of the Wu Jian Council.
  3757 | D:5      | Entered Level 5 of the Dungeon
  3950 | D:5      | Noticed a black bear
  3966 | D:5      | Killed a black bear
  3967 | D:5      | Reached XP level 7. HP: 14/44 MP: 9/9
  4168 | D:5      | Noticed Eustachio
  4211 | D:4      | Reached skill level 5 in Maces & Flails
  4375 | D:5      | Killed Eustachio
  4771 | D:6      | Noticed Prince Ribbit
  5188 | D:6      | HP: 2/44 [jelly (3)]
  5188 | D:6      | Splashed by a jelly's acid

Illustrated notes

Levels and vault maps discovered:
D:1:      shiori_arrival_oz, layout_basic
D:2:      layout_loops_ring
D:3:      layout_loops_corners, overflow_temple_1_default,
          kennysheep_big_empty_room
D:4:      layout_loops_corners, kennysheep_mini
D:5:      layout_loops_ring, hellmonk_bongcloud_opening, uniq_eustachio
D:6:      layout_rooms, temple_statues, hangedman_abyss_or_decor_lesser_grid,
          uniq_crazy_yiuf_cottage, uniq_prince_ribbit1, uniq_sigmund,
          uniq_blork_the_orc

Skill      XL: |  1  2  3  4  5  6  7 |
---------------+----------------------+-----
Fighting       | 4 |  4.9
Maces & Flails | 3 4 5 |  5.4
Spellcasting   | 1 2 |  2.1
Dodging        | 1 2 |  2.0
Shields        | 4 |  4.3
Armour         | 4 |  4.2

Action                     |  1- 3 |  4- 6 |  7- 9 || total
---------------------------+-------+-------+-------++-------
  Melee: Flail             |    77 |   214 |    67 ||   358
 Armour: Scale mail        |     8 |       |       ||     8
         Leather armour    |    29 |    88 |    41 ||   158
  Dodge: Dodged            |    40 |   106 |    52 ||   198
         Repelled          |       |       |     2 ||     2
  Block: Buckler           |    13 |    45 |    18 ||    76
